 Dungeon Crawl Stone Soup version 0.21-a0-633-g4c047d5 (webtiles) character file.

56 theanonym the Charlatan (level 3, 0/17 HPs)
             Began as a Spriggan Artificer on Dec 29, 2017.
             Was an Initiate of Gozag.
             Succumbed to an adder's poison
             ... on level 3 of the Dungeon.
             The game lasted 00:05:41 (3221 turns).

theanonym the Charlatan (Spriggan Artificer)        Turns: 3221, Time: 00:05:41

Health: 0/17       AC:  2    Str:  8    XL:     3   Next: 69%
Magic:  7/7        EV: 19    Int: 13    God:    Gozag
Gold:   141        SH:  0    Dex: 16    Spells: 2/2 levels left

rFire    . . .     SeeInvis +   a - +0 short sword
rCold    . . .     Gourm    .   (shield restricted)
rNeg     . . .     Faith    .   h - +0 robe {0}
rPois    .         Spirit   .   (helmet restricted)
rElec    .         Reflect  .   (no cloak)
rCorr    .         Harm     .   (gloves unavailable)
MR       .....                  (boots unavailable)
Stlth    +++.......             (no amulet)
HPRegen  0.05/turn              (no ring)
MPRegen  0.10/turn              (no ring)

@: lethally poisoned (0 -> -11), gold aura, very quick
A: very small, unfitting armour, see invisible, herbivore, speed 3, slow
metabolism 2
a: Potion Petition, Call Merchant, Bribe Branch, Renounce Religion


Innate Abilities, Weirdness & Mutations

You are very small and have problems with some larger weapons.
You are too small for most types of armour.
You have supernaturally acute eyesight. (SInv)
You are a herbivore.
You cover ground extremely quickly.
You need consume almost no food.


   Skills:
 - Level 0.7 Fighting
 * Level 3.0 Short Blades
 - Level 3.5 Dodging
 * Level 3.6 Stealth
 - Level 4.0 Evocations


You had 2 spell levels left.
You didn't know any spells.

Skill      XL: |  1  2  3 |
---------------+----------+-----
Stealth        | 2 3 |  3.6
Short Blades   | 2 3 |  3.0
Fighting       | |  0.7
Dodging        | |  3.5
Evocations     | |  4.0

Action                   || total
-------------------------++-------
Melee: Short sword       ||   125
Evoke: Wand              ||    13
  Use: Scroll            ||     3
 Stab: Sleeping          ||     8
Armor: Robe              ||     7
Dodge: Dodged            ||    85

Inventory:

Hand Weapons
 a - a +0 short sword (weapon)
 b - a +0 dagger
   (You took it off a kobold on level 1 of the Dungeon)
Armour
 h - a +0 robe (worn) {0}
Jewellery
 n - an uncursed ring of protection from fire {unknown}
   (You found it on level 1 of the Dungeon)
Wands
 c - a wand of flame (6)
 d - a wand of enslavement (11)
 f - a wand of random effects (15)
Scrolls
 o - a scroll of fog {unknown}
 p - a scroll of enchant weapon {unknown}
 q - a scroll of amnesia {unknown}
 r - a scroll of identify {unknown}
Potions
 j - a potion of heal wounds {unknown}
 k - a potion of resistance {unknown}
 m - a potion of curing {unknown}
Comestibles
 e - 4 rations


You were on level 3 of the Dungeon.
You worshipped Gozag.
Gozag was aware of your devotion.
You were not hungry.

You visited 1 branch of the dungeon, and saw 3 of its levels.

You collected 180 gold pieces.
You paid 39 gold pieces to Gozag.

Dungeon Overview and Level Annotations

Branches:
Dungeon (3/15)

Altars:
Gozag
Okawaru


Message History

Unknown command.
A bat comes into view.
Something unseen opens the door.
There is an escape hatch in the ceiling here.
The bat hits you but does no damage. A mysterious force pulls you upwards.
The hatch slams shut behind you.
There is a stone staircase leading down here.
You climb downwards.
You hear the sound of rushing water.
There is an entrance to a sewer on this level.
Hurry and find it before the portal rusts away!
An adder, a giant cockroach and an orc come into view.
Found a stone staircase leading down.
A giant cockroach comes into view.
There is a stone staircase leading up here.
Unknown command.
Unknown command.
Unknown command.
Unknown command.
A hobgoblin comes into view. It is wielding a club.
The orc shouts!
The adder hisses angrily.
The hobgoblin shouts!
You hit the giant cockroach but do no damage.
The giant cockroach bites you but does no damage.
The giant cockroach barely misses you.
You hit the orc. The orc closely misses you. The hobgoblin barely misses you.
The giant cockroach misses you.
You hit the orc. The orc hits you. The adder misses you.
The hobgoblin completely misses you. The giant cockroach closely misses you.
You take 2 damage, and have 15/17 hp.
You hit the orc.
You kill the orc!
The adder barely misses you. The hobgoblin barely misses you.
The giant cockroach misses you. The adder closely misses you.
Aim: an adder (chance to defeat MR: 67%)
The adder struggles to resist.
The adder barely misses you.
Aim: an adder (chance to defeat MR: 67%)
The adder is charmed.
The giant cockroach completely misses your adder.
You closely miss the giant cockroach.
Your adder bites the giant cockroach.
The giant cockroach closely misses you. The giant cockroach misses your adder.
You hit the giant cockroach.
You kill the giant cockroach!
The giant cockroach is distracted by the nearby gold.
You see here 4 gold pieces.
You hit the giant cockroach but do no damage.
The giant cockroach is no longer distracted by gold.
The giant cockroach completely misses you.
Your adder bites the giant cockroach but does no damage.
The giant cockroach completely misses you.
You barely miss the giant cockroach.
Your adder closely misses the giant cockroach.
The giant cockroach misses you.
Your adder barely misses the giant cockroach.
You hit the giant cockroach.
You hear the slow rusting of a very distant drain.
The giant cockroach barely misses you.
Your adder bites the giant cockroach but does no damage.
You barely miss the giant cockroach.
Your adder closely misses the giant cockroach.
The giant cockroach barely misses you.
You hit the giant cockroach but do no damage.
Your adder bites the giant cockroach but does no damage.
The giant cockroach bites your adder.
You hit the giant cockroach but do no damage.
Your adder completely misses the giant cockroach.
The giant cockroach closely misses you.
Your adder bites the giant cockroach but does no damage.
You barely miss the giant cockroach. The giant cockroach closely misses you.
Your adder bites the giant cockroach.
The giant cockroach dies!
You hit the hobgoblin.
Your adder bites the hobgoblin.
The hobgoblin barely misses your adder.
You closely miss the hobgoblin.
Your adder bites the hobgoblin.
The hobgoblin dies!
Your Short Blades skill increases to level 3!
No target in view!
No target in view!
Really attack your adder?
You miss your adder.
The adder is no longer charmed.
The adder hisses angrily.
The adder misses you. The adder bites you.
You are poisoned.
The adder poisons you!
You take 3 damage, and have 13/17 hp.
You closely miss the adder.
You feel sick. The adder bites you.
You take 3 damage, and have 10/17 hp.
You hit the adder.
You feel sick. The adder bites you.
You take 2 damage, and have 8/17 hp.
You are too injured to fight recklessly!
You hit the adder. The adder bites you.
You take 2 damage, and have 6/17 hp.
You barely miss the adder. The adder completely misses you.
The adder bites you.
* * * LOW HITPOINT WARNING * * *
You are more poisoned.
The adder poisons you!
You take 5 damage, and have 1/17 hp.
MASSIVE DAMAGE!!
You die...
Your body crumbles into a pile of gold.

### ... ##.####
########.......
#..........#
#...@.$..#
#..#..S#....#
#. #.#$#....# #
#..<#.......
#...$#......###
#.##.#......#
.. ...........
. .#.###.#.###
#.#. >....


You could see an adder.

Notes
Turn   | Place    | Note
-------+----------+-------------------------------------------
     0 | D:1      | theanonym the Spriggan Artificer began the quest for the Orb.
     0 | D:1      | Reached XP level 1. HP: 9/9 MP: 4/4
    11 | D:1      | HP: 4/9 [dart slug/slug dart (5)]
   332 | D:1      | Reached skill level 2 in Stealth
   344 | D:1      | Reached XP level 2. HP: 14/14 MP: 6/6
   358 | D:1      | HP: 6/14 [kobold/dagger (3)]
   624 | D:1      | Reached skill level 2 in Short Blades
   637 | D:1      | HP: 7/14 [hobgoblin/club (1)]
  1273 | D:1      | theanonym: !stats spen
  1273 | D:1      | theanonym: !stats spar
  1273 | D:1      | theanonym: !stats spen
  1273 | D:1      | theanonym: !stats spen
  1273 | D:1      | theanonym: !stats spen
  1273 | D:1      | theanonym: !stats spen
  1273 | D:1      | theanonym: !stats spen
  1273 | D:1      | theanonym: !stats spen
  1273 | D:1      | theanonym: !stats spen
  1273 | D:1      | theanonym: !stats spen
  1273 | D:1      | theanonym: !stats spen
  1273 | D:1      | theanonym: !stats spen
  1273 | D:1      | theanonym: !stats spen
  1274 | D:1      | theanonym: !stats spen
  1274 | D:1      | Reached XP level 3. HP: 17/17 MP: 7/7
  1445 | D:1      | Reached skill level 3 in Stealth
  1632 | D:1      | beem: Starting stats for SpEn: Str 4 Int 16 Dex 16. Stat gain: id/5
  2116 | D:2      | Found an iron altar of Okawaru.
  2117 | D:2      | beem: Starting stats for SpEn: Str 4 Int 16 Dex 16. Stat gain: id/5
  2118 | D:2      | Found an opulent altar of Gozag.
  2128 | D:2      | beem: Starting stats for SpEn: Str 4 Int 16 Dex 16. Stat gain: id/5
  2128 | D:2      | Became a worshipper of Gozag Ym Sagoz the Greedy
  2468 | D:2      | beem: Starting stats for SpEn: Str 4 Int 16 Dex 16. Stat gain: id/5
  2560 | D:2      | HP: 4/17 [worm (6)]
  2562 | D:2      | beem: Starting stats for SpEn: Str 4 Int 16 Dex 16. Stat gain: id/5
  2572 | D:2      | beem: Starting stats for SpEn: Str 4 Int 16 Dex 16. Stat gain: id/5
  2852 | D:2      | beem: Starting stats for SpEn: Str 4 Int 16 Dex 16. Stat gain: id/5
  3140 | D:3      | beem: Starting stats for SpEn: Str 4 Int 16 Dex 16. Stat gain: id/5
  3155 | D:3      | beem: Starting stats for SpEn: Str 4 Int 16 Dex 16. Stat gain: id/5
  3215 | D:3      | Reached skill level 3 in Short Blades
  3218 | D:3      | HP: 8/17 [adder (1)]
  3220 | D:3      | HP: 1/17 [adder (5)]
  3221 | D:3      | Succumbed to an adder's poison

Vanquished Creatures
  An ooze (D:1)
  A worm (D:2)
  3 dart slugs (D:1)
  An orc (D:3)
  4 bats
  3 giant cockroaches
  2 goblins (D:1)
  8 hobgoblins
  7 kobolds
  A quokka (D:2)
  3 frilled lizards (D:1)
  4 rats
38 creatures vanquished.

Vanquished Creatures (collateral kills)
  A giant cockroach (D:3)
  A hobgoblin (D:3)
2 creatures vanquished.

Vanquished Creatures (others)
  2 hobgoblins (D:1)
2 creatures vanquished.

Grand Total: 42 creatures vanquished

Table legend:
 A = Turns spent in this place as a percentage of turns spent in the entire game.
 B = Non-inter-level travel turns spent in this place as a percentage of non-inter-level travel turns spent in the entire game.
 C = Inter-level travel turns spent in this place as a percentage of turns spent in this place.
 D = Turns resting spent in this place as a percentage of non-inter-level travel turns spent in this place.
 E = Turns spent auto-exploring this place as a percentage of non-inter-level travel turns spent in this place.
 F = Non-inter-level travel turns spent in this place divided by the number of levels of this place that you've seen.
                   A       B       C       D       E      F
               +-------+-------+-------+-------+-------+----------------------
         Total | 100.0 | 100.0 |   3.9 |  34.3 |  53.1 | 1031.7
       Dungeon | 100.0 | 100.0 |   3.9 |  34.3 |  53.1 | 1031.7
               +-------+-------+-------+-------+-------+----------------------
